AoeStats
← Kzhua

Arabia

509634033Analyzed
1v1 RM · 4d ago on Sep 27, 2026· 60m 23s· 2 players
Game mode
Random Map
Map size
Tiny (2 player)
Population
200
Speed
Normal
Resources
Standard
Victory
Conquest
Starting age
Dark Age
Ending age
Imperial Age
RankedLock teamsTeams togetherTeam positionsShared explorationLock speedFull tech treeHidden civsTurbo modeCheats
Victory
Defeat
🇨🇭 Jurchens · Switzerland
896
+16
🇨🇳 Mongols · China
892
-16
Kzhua
11:02 Feudal Age
12:24 Double-Bit Axe
14:04 Horse Collar
16:28 Loom
18:22 Stone Mining
20:38 Castle Age
21:35 Bow Saw
22:03 Stone Shaft Mining
32:28 Gold Mining
32:46 Fletching
33:51 Gold Shaft Mining
33:36 Bodkin Arrow
35:05 Scale Barding Armor
38:04 Ballistics
38:09 Chain Barding Armor
39:06 Wheelbarrow
43:01 Masonry
52:55 Imperial Age
55:57 Imperial Age
54:24 Hand Cart
54:01 Town Watch
55:03 Bloodlines
54:56 Husbandry
56:09 Bloodlines
56:17 Bloodlines
56:44 Light Cavalry
58:19 Hussar
61:00 Forging
PiratohniBart
9:03 Loom
10:48 Feudal Age
16:58 Castle Age
20:00 Scale Barding Armor
20:56 Forging
21:21 Bloodlines
22:44 Horse Collar
23:03 Fletching
29:48 Padded Archer Armor
30:22 Elite Skirmisher
35:57 Stone Mining
39:10 Bodkin Arrow
40:36 Ballistics
42:52 Fortified Bastions
44:25 Husbandry
49:13 Imperial Age
48:07 Town Watch
48:28 Heavy Plow
48:17 Double-Bit Axe
48:58 Gold Mining
52:15 Chemistry
53:35 Elite Steppe Lancer
57:19 Sappers
58:15 Conscription
59:11 Chain Barding Armor
58:52 Bracer
59:09 Leather Archer Armor
61:30 Wheelbarrow
60:57 Town Patrol
Connection lost

Rejoining the realm…

Still unreachable

The connection could not be restored.

Session expired

The server has moved on; the page needs a fresh start.